 Dungeon Crawl Stone Soup version 0.16-a0-4056-gee4db93 (console) character file.

126954 mauris the Devastator (level 16, -13/86 HPs)
             Began as a High Elf Wizard on Feb 19, 2015.
             Was a High Priest of Vehumet.
             Shot with an arrow by Vashnia (36 damage)
             ... on level 5 of the Snake Pit on Feb 20, 2015.
             The game lasted 03:24:25 (52053 turns).

mauris the Devastator (High Elf Wizard)            Turns: 52053, Time: 03:24:25

Health: -13/86     AC: 13    Str:  6    XL:     16   Next: 45%
Magic:  0/38       EV: 25    Int: 29    God:    Vehumet [*****.]
Gold:   1970       SH: 11    Dex: 15    Spells: 10 memorised, 5 levels left

rFire  + + +     SeeInvis .     a - staff of fire
rCold  . . .     Clarity  .     S - +2 robe "Jitulupt" {rF+ rC+ Slay+3}
rNeg   . . .     SustAb   .     T - +2 shield
rPois  .         Gourm    +     P - +1 hat
rElec  .         Spirit   .     C - +2 cloak {MR+}
rCorr  .         Warding  .     e - +1 pair of gloves
rMut   .         Stasis   .     x - +2 pair of boots {run}
MR     +++..                    d - amulet of the gourmand
Stlth  ++........               N - ring of Gris {Fire MR+}
                                Z - +6 ring of evasion

@: very slightly contaminated, quick, extremely resistant to hostile
enchantments, unstealthy
A: claws 1, breathe flames 1
a: Renounce Religion, Breathe Fire


You were on level 5 of the Snake Pit.
You worshipped Vehumet.
Vehumet was extremely pleased with you.
You were full.

You visited 7 branches of the dungeon, and saw 34 of its levels.
You visited 1 bazaar.
You also visited: Sewer, Ice Cave and Volcano.

You collected 3248 gold pieces.
You spent 1278 gold pieces at shops.

Inventory:

Armour
 e - a +1 pair of gloves (worn)
 x - a +2 pair of boots of running (worn)
 C - a +2 cloak of magic resistance (worn)
 P - a +1 hat (worn)
 S - the +2 robe "Jitulupt" (worn) {rF+ rC+ Slay+3}
   (You found it on level 10 of the Dungeon)

   It affects your accuracy and damage with ranged weapons and melee attacks
   (+3).
   It protects you from fire.
   It protects you from cold.
 T - a +2 shield (worn)
Magical staves
 a - an uncursed staff of fire (weapon)
 b - an uncursed staff of power {!a}
 R - an uncursed staff of air {shotgun}
Rods
 q - a +0 iron rod (11/11) {shotgun}
   (You found it on level 12 of the Dungeon)
Jewellery
 d - an amulet of the gourmand (around neck)
 l - an uncursed ring of protection from cold
 n - an uncursed amulet of guardian spirit
 B - an uncursed amulet of stasis {!P}
 K - the ring of Hyaw {rF+ AC+3}
   (You found it on level 7 of the Dungeon)

   [ring of protection]

   It affects your AC (+3).
   It protects you from fire.
 L - an uncursed ring of magical power
 N - the ring of Gris (right hand) {Fire MR+}
   (You bought it in a shop in a bazaar)

   [ring of fire]

   It enhances your fire magic, and weakens your ice magic.
   It protects you from fire.
   It makes you vulnerable to cold.
   It affects your resistance to hostile enchantments.
 Z - a +6 ring of evasion (left hand)
Magical devices
 c - a wand of digging (8)
 j - a wand of teleportation (3) {@v4}
 p - a wand of teleportation (5) {@v4}
 I - a wand of teleportation (6) {@v4}
 Q - a wand of paralysis (20)
Scrolls
 f - 15 scrolls of remove curse
 h - 2 scrolls of enchant armour
 s - a scroll of identify {@r1}
 w - 5 scrolls of teleportation {@r4}
 y - 2 scrolls of blinking
 H - 2 scrolls of fog
 M - 2 scrolls of fear
 U - 2 scrolls of recharging
Potions
 i - 8 potions of heal wounds {@q2}
 k - 4 potions of haste {@q3}
 m - 12 potions of curing {@q1}
 r - 6 potions of restore abilities
 t - 7 potions of brilliance
 u - a potion of resistance
 D - 3 potions of might
 E - 7 potions of agility
 F - a potion of ambrosia {!q}
 G - a potion of flight
 J - 4 potions of magic
 O - a potion of invisibility
 W - a potion of cancellation {unknown}
Books
 g - a book of Enchantments

   Spells                             Type                      Level
   a - Tukima's Dance                 Hexes                        3
   b - Cause Fear                     Hexes                        4
   c - Silence                        Hexes/Air                    5
   d - Deflect Missiles               Charms/Air                   6
   e - Haste                          Charms                       6
   f - Discord                        Hexes                        8
 Y - a book of Annihilations

   Spells                             Type                      Level
   a - Poison Arrow                   Conjuration/Poison           6
   b - Chain Lightning                Conjuration/Air              8
   c - Lehudib's Crystal Spear        Conjuration/Earth            8
   d - Glaciate                       Conjuration/Ice              9
   e - Fire Storm                     Conjuration/Fire             9
Comestibles
 o - 9 fruits
 v - 9 meat rations
 A - 20 bread rations


   Skills:
 - Level 12.6 Dodging
 - Level 2.1 Stealth
 - Level 7.5 Shields
 + Level 13.2 Spellcasting
 - Level 15.0 Conjurations
 + Level 8.9 Charms
   Level 0.8 Summonings
 - Level 5.1 Translocations
 - Level 9.0 Fire Magic
 - Level 12.0 Ice Magic
 - Level 9.5 Air Magic
 - Level 6.0 Evocations


You had 5 spell levels left.
You knew the following spells:

 Your Spells              Type           Power        Failure   Level  Hunger
a - Magic Dart            Conj           ####         0%          1    None
b - Bolt of Fire          Conj/Fire      ########..   2%          6    ####...
c - Haste                 Chrm           ######..     30%         6    ####...
d - Freezing Cloud        Conj/Ice/Air   ###.......   2%          6    ####...
e - Orb of Destruction    Conj           #######...   4%          7    ######.
o - Ozocubu's Armour      Chrm/Ice       ###.....     1%          3    None
r - Repel Missiles        Chrm/Air       ######       1%          2    None
t - Throw Frost           Conj/Ice       ###...       1%          2    None
A - Apportation           Tloc           #####.....   1%          1    None
B - Blink                 Tloc           N/A          1%          2    None


Dungeon Overview and Level Annotations

Branches:
Dungeon (13/15)            Temple (1/1) D:4            Lair (8/8) D:8
 Shoals (2/5) Lair:3        Snake (5/5) Lair:4        Slime (0/6) Lair:6
    Orc (4/4) D:12            Elf (1/3) Orc:4
 Vaults: D:13-14

Altars:
Ashenzari
Cheibriados
Dithmenos
Elyvilon
Fedhas
Gozag
Kikubaaqudgha
Makhleb
Nemelex Xobeh
Okawaru
Qazlal
Ru
Sif Muna
Trog
Vehumet
Xom
Yredelemnul
Zin
The Shining One
Jiyva

Shops:
Orc:4 [%%=

Annotations:
D:5 gnoll fort
D:13 reaverb!!
Lair:2 hydra!
Shoals:2 Donald
Snake:5 Aizul, Vashnia
Elf:1 f


Innate Abilities, Weirdness & Mutations

You have sharp fingernails.
You can breathe flames.


Message History

Confirm with . or Enter, or press ? or * to list all spells.
You blink.
A naga sharpshooter comes into view. It is wielding a flail of protection.
The naga sharpshooter casts a spell.
The naga sharpshooter magically shoots a bolt.
You block the bolt.
Casting: Blink
Confirm with . or Enter, or press ? or * to list all spells.
You miscast Blink.
You are very lightly contaminated with residual magic.
The world appears momentarily distorted!
The naga sharpshooter unwields an uncursed halberd of venom.
It stops dripping with poison.
The naga sharpshooter wields an arbalest.
The naga sharpshooter gestures wildly while chanting.
The naga sharpshooter magically shoots a bolt.
The bolt hits you!!
Vashnia mumbles some strange words.
Vashnia magically shoots an arrow.
The arrow hits you!!!
You die...

. .. ######
..N..... ##....#
#...)....## #......
..........####....#
......##.........%
.N.N# ##........#
##NN####..#.##.#..
##..###...##.#..###
#.e.NSS.###..#.##
#..#########.##.##
..$.. #..........#
######
#..........###
#..........##.
#.<.)......#..
#####).#####..
#[..# #.. #.#.# #..


You could see Vashnia, 4 naga sharpshooters and 2 anacondas.

Vanquished Creatures
  Agnes (Snake:4)
  The ghost of motorbit the Scorcher, a mighty GrCj of Vehumet (Snake:4)
  Louise (Shoals:1)
  A merfolk impaler (Lair:3)
  A fire dragon (Lair:8)
  5 hydras
  6 naga warriors
  Nessos (Shoals:1)
  10 anacondas
  A merfolk avatar (Shoals:1)
  Erica (Lair:8)
  An ogre mage (D:13)
  4 centaur warriors
  5 orc high priests (Orc:4)
  2 shock serpents
  4 naga sharpshooters
  Nergalle (D:13)
  A fire crab (shapeshifter) (D:9)
  2 unseen horrors
  The ghost of herpmino the Basher, an experienced DsFi of Cheibriados (D:8)
  7 sea snakes
  A lindwurm (Lair:8)
  3 hill giants
  Pikel (D:9)
  3 naga ritualists
  An orc knight (Orc:1)
  8 salamanders
  2 ugly things
  7 mana vipers
  9 fauns
  3 manticores
  21 black mambas
  A guardian serpent (Snake:4)
  A water nymph (Shoals:1)
  2 sixfirhies (Orc:4)
  2 cyclopes (D:12)
  Maurice (D:9)
  Joseph (D:9)
  5 torpor snails (Lair:8)
  17 naga magi
  5 elephants (Lair:8)
  2 sirens
  2 orc sorcerers (Orc:4)
  A gargoyle (D:12)
  13 spiny frogs
  10 komodo dragons
  Psyche (D:11)
  2 kobold demonologists (D:11)
  2 giant leeches (Lair:8)
  3 two-headed ogres
  3 fire vortices (D:8)
  7 merfolk
  A polar bear (shapeshifter) (D:13)
  A polar bear (Lair:6)
  2 fire drakes
  Prince Ribbit (D:7)
  7 trolls
  A basilisk (Lair:4)
  15 blink frogs
  4 water elementals
  2 wyverns
  11 hippogriffs
  59 yaks
  The ghost of 4thArraOfDagon the Ruffian, an average TrIE (D:4)
  4 fire bats (D:8)
  2 spriggans
  2 wraiths (D:13)
  Eustachio (D:7)
  3 deep elf fighters
  2 steam dragons
  3 hungry ghosts
  A soldier ant (D:13)
  A wolf (D:8)
  2 mottled dragons
  24 water moccasins
  3 hell hounds
  3 wargs
  26 orc warriors
  A death yak simulacrum (IceCv)
  7 porcupines
  3 sky beasts
  31 nagas
  A slave (D:9)
  4 wasps
  9 centaurs
  An eye of draining (D:12)
  3 black bears
  A necrophage (D:12)
  2 phantoms
  7 ice beasts
  10 ogres
  14 crocodiles
  Duvessa (D:5)
  2 boring beetles
  7 big kobolds
  5 brain worms (Lair:8)
  21 giant frogs
  3 scorpions
  A wyvern skeleton (D:13)
  A warg skeleton (Orc:4)
  A swamp dragon simulacrum (IceCv)
  9 killer bees
  8 wights
  5 centaur zombies
  2 lava snakes (D:8)
  Dowan (D:5)
  7 crimson imps
  6 jellies
  3 giant frog zombies
  5 giant frog skeletons
  40 orc priests
  4 electric eels
  5 centaur skeletons
  Crazy Yiuf (D:7)
  A quasit (D:8)
  20 hounds
  31 orc wizards
  5 gnoll shamans
  7 iguanas
  7 worker ants
  A wolf simulacrum (IceCv)
  22 sheep
  A polar bear simulacrum (IceCv)
  A hound zombie (D:6)
  A hound skeleton (D:8)
  44 gnolls
  23 adders
  2 worker ant zombies
  5 white imps (IceCv)
  A giant mite (D:5)
  58 river rats
  2 shadow imps
  22 worms
  2 adder skeletons
  2 adder zombies
  An ooze (D:3)
  173 orcs
  6 ball pythons
  3 bat skeletons
  6 giant cockroaches
  28 hobgoblins
  30 kobolds
  7 quokkas
  17 bats
  11 giant geckos
  6 giant newts (Sewer)
  20 goblins
  24 jackals
  A kobold zombie (D:8)
  An orc skeleton (Orc:4)
  3 orc zombies (Orc:4)
  20 rats
  A spectral orc (D:8)
  12 plants
1239 creatures vanquished.

Vanquished Creatures (collateral kills)
  A giant frog skeleton (D:7)
1 creature vanquished.

Vanquished Creatures (others)
  A spiny frog (Lair:6)
  3 slaves (D:9)
  An orc priest (D:9)
  3 orcs (D:9)
  A giant spore (D:7)
  6 fungi (Lair:8)
  6 plants
21 creatures vanquished.

Grand Total: 1261 creatures vanquished

Notes
Turn   | Place    | Note
--------------------------------------------------------------
     0 | D:1      | mauris, the High Elf Wizard, began the quest for the Orb.
     0 | D:1      | Reached XP level 1. HP: 11/11 MP: 5/5
   440 | D:1      | Reached XP level 2. HP: 17/17 MP: 4/7
  1305 | D:2      | Huge Dmg: 5 Dmg
  1306 | D:2      | Huge Dmg: 3 Dmg
  1310 | D:2      | Huge Dmg: 2 Dmg
  1568 | D:2      | Reached XP level 3. HP: 21/21 MP: 4/10
  1618 | D:2      | Learned a level 2 spell: Blink
  1621 | D:2      | Learned a level 2 spell: Repel Missiles
  1742 | D:2      | Learned a level 3 spell: Mephitic Cloud
  1802 | D:2      | Huge Dmg: 9 Dmg
  1808 | D:2      | Reached skill level 4 in Conjurations
  2166 | D:2      | Reached XP level 4. HP: 27/27 MP: 2/13
  2811 | D:3      | Reached skill level 5 in Conjurations
  3016 | D:3      | Reached XP level 5. HP: 29/31 MP: 6/14
  3297 | D:3      | Huge Dmg: 13 Dmg
  3299 | D:3      | Huge Dmg: 5 Dmg
  3307 | D:3      | Huge Dmg: 3 Dmg
  3371 | D:2      | Huge Dmg: 4 Dmg
  3847 | D:4      | Reached skill level 6 in Conjurations
  3967 | D:4      | Found a staircase to the Ecumenical Temple.
  4015 | D:4      | Reached XP level 6. HP: 36/36 MP: 8/17
  4117 | D:4      | Noticed a phantom
  4135 | D:3      | Huge Dmg: 8 Dmg
  4136 | D:3      | Killed a phantom
  4136 | D:3      | Reached skill level 7 in Conjurations
  4373 | D:4      | Noticed an ogre
  4385 | D:4      | Huge Dmg: 9 Dmg
  4387 | D:4      | Killed an ogre
  4649 | D:4      | Reached skill level 8 in Conjurations
  4661 | D:4      | Reached XP level 7. HP: 38/41 MP: 2/19
  4824 | D:4      | yesss
  4829 | D:4      | Identified a +2 pair of boots of running (You found it on level 3 of the Dungeon)
  5071 | D:4      | Noticed 4thArraOfDagon's ghost (average TrIE)
  5111 | D:4      | Killed 4thArraOfDagon's ghost
  5323 | D:4      | Reached skill level 9 in Conjurations
  5552 | D:4      | Learned a level 3 spell: Conjure Flame
  6086 | D:5      | Entered Level 5 of the Dungeon
  6232 | D:5      | Huge Dmg: 6 Dmg
  6744 | D:5      | Reached skill level 10 in Conjurations
  6874 | D:5      | Reached XP level 8. HP: 43/46 MP: 20/20
  6887 | D:5      | Reached skill level 1 in Air Magic
  6942 | D:5      | Reached skill level 1 in Charms
  7018 | D:5      | Huge Dmg: 10 Dmg
  7037 | D:5      | Huge Dmg: 18 Dmg
  7819 | D:5      | Noticed Duvessa
  7819 | D:5      | Noticed Dowan
  7852 | Temple   | Entered the Ecumenical Temple
  7948 | Temple   | Became a worshipper of Vehumet
  8119 | D:5      | Huge Dmg: 9 Dmg
  8120 | D:5      | Killed Dowan
  8263 | D:5      | Killed Duvessa
  8377 | D:4      | Huge Dmg: 13 Dmg
  8646 | D:5      | Huge Dmg: 14 Dmg
  8650 | D:5      | Huge Dmg: 7 Dmg
  8787 | D:5      | Reached skill level 5 in Air Magic
  8814 | D:5      | Reached skill level 5 in Charms
  9121 | D:5      | Huge Dmg: 16 Dmg
  9216 | D:5      | Acquired Vehumet's first power
  9216 | D:5      | Offered knowledge of Shock by Vehumet.
  9233 | D:5      | Huge Dmg: 8 Dmg
  9550 | D:6      | Huge Dmg: 13 Dmg
  9554 | D:6      | Reached XP level 9. HP: 36/51 MP: 21/21
  9682 | D:6      | Found a glowing drain.
  9689 | Sewer    | Entered a sewer
 10293 | D:6      | Offered knowledge of Throw Frost by Vehumet.
 10293 | D:6      | Reached skill level 5 in Translocations
 10297 | D:6      | Learned a level 2 spell: Throw Frost
 10606 | D:6      | Huge Dmg: 12 Dmg
 10897 | D:6      | Reached skill level 5 in Spellcasting
 11513 | D:7      | Noticed Eustachio
 11550 | D:7      | Killed Eustachio
 11778 | D:7      | Got a transparent brass ring
 11800 | D:7      | Huge Dmg: 10 Dmg
 11817 | D:7      | Huge Dmg: 9 Dmg
 11832 | D:7      | Huge Dmg: 9 Dmg
 11839 | D:6      | Huge Dmg: 7 Dmg
 11839 | D:6      | jesus
 11839 | D:6      | fuck shadow traps
 11866 | D:6      | Huge Dmg: 4 Dmg
 12398 | D:7      | Identified the ring of Hyaw {rF+ AC+3} (You found it on level 7 of the Dungeon)
 12420 | D:7      | Huge Dmg: 17 Dmg
 12457 | D:7      | Noticed Prince Ribbit
 12560 | D:7      | Killed Prince Ribbit
 12630 | D:7      | Got a transparent robe
 12641 | D:7      | Identified the +1 robe of Vlad {rCorr Str+2 Dex-3} (You found it on level 7 of the Dungeon)
 12911 | D:7      | Noticed Crazy Yiuf
 12915 | D:7      | Killed Crazy Yiuf
 13077 | D:8      | nope
 13093 | D:8      | Reached XP level 10. HP: 54/56 MP: 29/29
 13098 | D:8      | Reached skill level 5 in Dodging
 13215 | D:8      | Found a staircase to the Lair.
 13220 | D:8      | Noticed herpmino's ghost (experienced DsFi)
 13303 | D:7      | Huge Dmg: 17 Dmg
 13381 | D:8      | Offered knowledge of Dazzling Spray by Vehumet.
 13456 | D:8      | Huge Dmg: 12 Dmg
 13458 | D:7      | Huge Dmg: 11 Dmg
 13751 | D:8      | Acquired Vehumet's second power
 13971 | D:8      | Huge Dmg: 24 Dmg
 13974 | D:8      | Huge Dmg: 14 Dmg
 14241 | D:8      | Killed herpmino's ghost
 14357 | D:8      | Offered knowledge of Sticky Flame by Vehumet.
 14642 | D:8      | Reached skill level 10 in Dodging
 14857 | Lair:1   | Entered Level 1 of the Lair of Beasts
 15288 | D:8      | Found a basalt altar of Yredelemnul.
 15289 | D:8      | Acquired Vehumet's third power
 15514 | D:8      | Offered knowledge of Fulminant Prism by Vehumet.
 15732 | D:9      | Noticed Joseph
 15734 | D:9      | Huge Dmg: 14 Dmg
 15764 | D:9      | Killed Joseph
 15764 | D:9      | Reached skill level 11 in Dodging
 15764 | D:9      | Reached XP level 11. HP: 42/61 MP: 21/29
 15881 | D:9      | Got a vibrating copper ring
 15950 | D:9      | Noticed Pikel
 15957 | D:9      | Killed Pikel
 16164 | D:9      | Noticed a fire crab
 16172 | D:9      | Huge Dmg: 13 Dmg
 16180 | D:9      | Killed a fire crab
 16343 | D:9      | Identified the ring "Phinum" {+Fly Dex+4} (You found it on level 9 of the Dungeon)
 16526 | D:9      | Learned a level 1 spell: Apportation
 16529 | D:9      | Learned a level 2 spell: Shroud of Golubria
 16534 | D:9      | Learned a level 4 spell: Passage of Golubria
 16546 | D:9      | Reached skill level 12 in Dodging
 16564 | D:9      | Huge Dmg: 15 Dmg
 16566 | D:9      | Huge Dmg: 15 Dmg
 16805 | D:9      | Huge Dmg: 17 Dmg
 16976 | D:9      | Noticed Maurice
 17187 | D:9      | Killed Maurice
 17389 | D:10     | Entered Level 10 of the Dungeon
 17603 | D:10     | Huge Dmg: 14 Dmg
 17783 | D:10     | Got a shadowed robe
 17794 | D:10     | Identified the +2 robe "Jitulupt" {rF+ rC+ Slay+3} (You found it on level 10 of the Dungeon)
 18210 | D:10     | Reached skill level 1 in Shields
 18334 | D:10     | Offered knowledge of Bolt of Cold by Vehumet.
 18342 | D:10     | Learned a level 6 spell: Bolt of Cold
 18362 | D:10     | Reached skill level 1 in Ice Magic
 18669 | D:11     | Noticed Psyche
 18680 | D:11     | Killed Psyche
 18707 | D:11     | Killed an unseen horror
 19032 | D:11     | Reached skill level 5 in Ice Magic
 19758 | Lair:1   | Huge Dmg: 18 Dmg
 20960 | Lair:1   | Noticed a black mamba
 20966 | Lair:1   | Killed a black mamba
 20966 | Lair:1   | Reached XP level 12. HP: 66/66 MP: 31/31
 21862 | Lair:2   | Noticed a four-headed hydra
 22805 | Lair:2   | Learned a level 3 spell: Ozocubu's Armour
 22980 | Lair:3   | Reached skill level 10 in Spellcasting
 23154 | Lair:2   | Huge Dmg: 14 Dmg
 23157 | Lair:2   | Huge Dmg: 10 Dmg
 23429 | Lair:2   | Huge Dmg: 25 Dmg
 23933 | Lair:3   | Huge Dmg: 26 Dmg
 24218 | Lair:3   | Found a staircase to the Shoals.
 24242 | Lair:3   | Huge Dmg: 15 Dmg
 24243 | Lair:3   | Huge Dmg: 16 Dmg
 24247 | Lair:3   | Offered knowledge of Poisonous Cloud by Vehumet.
 24925 | Lair:3   | Huge Dmg: 15 Dmg
 25316 | Lair:4   | Found a staircase to the Snake Pit.
 25382 | Lair:4   | Reached skill level 10 in Ice Magic
 25413 | Lair:4   | Huge Dmg: 15 Dmg
 25415 | Lair:4   | Huge Dmg: 12 Dmg
 25814 | Lair:4   | Gained mutation: You have sharp fingernails. [potion of beneficial mutation]
 25815 | Lair:4   | Gained mutation: You can breathe flames. [potion of beneficial mutation]
 26035 | Lair:4   | Huge Dmg: 14 Dmg
 26228 | Lair:4   | Got a faintly humming ring mail
 26239 | Lair:4   | Identified the +3 ring mail "Goif Nyuxud" {MP-9 Int+4 Dex+3} (You found it on level 4 of the Lair of Beasts)
 26496 | Lair:5   | Huge Dmg: 19 Dmg
 26901 | Lair:5   | Noticed a six-headed hydra
 26923 | Lair:5   | Killed a six-headed hydra
 26923 | Lair:5   | Reached skill level 5 in Shields
 26923 | Lair:5   | Reached XP level 13. HP: 61/71 MP: 31/33
 27134 | Lair:5   | Huge Dmg: 19 Dmg
 28717 | Lair:6   | Found a viscous altar of Jiyva.
 28717 | Lair:6   | Found a staircase to the Slime Pits.
 29337 | Lair:7   | Huge Dmg: 21 Dmg
 29359 | Lair:7   | Huge Dmg: 11 Dmg
 29525 | Lair:7   | Offered knowledge of Freezing Cloud by Vehumet.
 29684 | Lair:7   | Found a dark tunnel.
 29693 | Volcano  | Entered a volcano
 29951 | Lair:7   | Learned a level 6 spell: Freezing Cloud
 30386 | Lair:7   | Huge Dmg: 17 Dmg
 30536 | Lair:8   | Entered Level 8 of the Lair of Beasts
 30609 | Lair:8   | Identified a scroll of acquirement
 30637 | Lair:8   | Huge Dmg: 28 Dmg
 31214 | Lair:8   | Huge Dmg: 35 Dmg
 31691 | Lair:8   | Offered knowledge of Ignite Poison by Vehumet.
 31875 | Lair:8   | Noticed Erica
 31890 | Lair:8   | Huge Dmg: 26 Dmg
 31894 | Lair:8   | Killed Erica
 32424 | Lair:8   | Found a runed door.
 33015 | Lair:8   | Reached XP level 14. HP: 76/76 MP: 20/34
 33638 | D:11     | Noticed a centaur warrior
 33639 | D:11     | Killed a centaur warrior
 34003 | D:12     | Found a frozen archway.
 34013 | IceCv    | Entered an ice cave
 34030 | IceCv    | Huge Dmg: 15 Dmg
 34463 | IceCv    | Huge Dmg: 16 Dmg
 34467 | IceCv    | Huge Dmg: 21 Dmg
 34864 | D:13     | Noticed Nergalle
 35290 | D:12     | Offered knowledge of Bolt of Fire by Vehumet.
 35517 | D:12     | Found a staircase to the Orcish Mines.
 35551 | Orc:1    | Entered Level 1 of the Orcish Mines
 35923 | D:13     | Killed Nergalle
 36130 | D:12     | Learned a level 6 spell: Bolt of Fire
 36223 | D:12     | Reached skill level 1 in Fire Magic
 38106 | Orc:1    | Offered knowledge of Orb of Destruction by Vehumet.
 38489 | D:12     | Learned a level 7 spell: Orb of Destruction
 38506 | D:12     | Reached skill level 5 in Fire Magic
 39014 | Orc:4    | Entered Level 4 of the Orcish Mines
 39306 | Orc:4    | Found a staircase to the Elven Halls.
 40185 | Orc:4    | Offered knowledge of Poison Arrow by Vehumet.
 40457 | Orc:4    | Huge Dmg: 16 Dmg
 40825 | Orc:4    | Found Samonados' Jewellery Boutique.
 40825 | Orc:4    | Found Blionn's Armour Shop.
 40825 | Orc:4    | Found Quajac's Food Shop.
 40836 | Orc:4    | Huge Dmg: 14 Dmg
 41050 | Orc:4    | Huge Dmg: 11 Dmg
 41411 | Orc:4    | Huge Dmg: 17 Dmg
 41501 | Orc:4    | Found Rahuat's Food Boutique.
 41874 | Elf:1    | Entered Level 1 of the Elven Halls
 41877 | Elf:1    | hi
 42544 | D:13     | Offered knowledge of Glaciate by Vehumet.
 42544 | D:13     | Offered knowledge of Chain Lightning by Vehumet.
 42544 | D:13     | Offered knowledge of Tornado by Vehumet.
 42614 | D:13     | Reached XP level 15. HP: 81/81 MP: 36/36
 42681 | D:13     | Noticed a tengu reaver
 42683 | D:13     | Huge Dmg: 46 Dmg
 42683 | D:13     | hi...
 43086 | Snake:1  | Entered Level 1 of the Snake Pit
 43090 | Snake:1  | Found a flickering gateway to a bazaar.
 43100 | Bazaar   | Entered a bazaar
 43100 | Bazaar   | Found Dyagomeg's Antique Armour Boutique.
 43107 | Bazaar   | Bought a pair of runed gloves for 99 gold pieces
 43109 | Bazaar   | Found Unab's Antique Weapon Emporium.
 43116 | Bazaar   | Found Herull's Distillery.
 43126 | Bazaar   | Bought a potion of haste for 150 gold pieces
 43126 | Bazaar   | Bought a potion of haste for 150 gold pieces
 43144 | Bazaar   | Found Brecal's Jewellery Shoppe.
 43150 | Bazaar   | Found Ocheaf's General Store.
 43151 | Bazaar   | Bought the ring of Gris {Fire MR+} for 639 gold pieces
 43184 | Bazaar   | Bought 2 potions of brilliance for 120 gold pieces
 43184 | Bazaar   | Bought a potion of agility for 60 gold pieces
 43184 | Bazaar   | Bought a potion of agility for 60 gold pieces
 43342 | Snake:1  | Reached skill level 1 in Evocations
 43791 | Snake:1  | Reached skill level 5 in Evocations
 44403 | Snake:2  | You fall through a shaft for 2 floors!
 44550 | Snake:4  | Noticed motorbit's ghost (mighty GrCj)
 44554 | Snake:4  | Killed motorbit's ghost
 44677 | Snake:4  | Huge Dmg: 18 Dmg
 45011 | Snake:4  | Huge Dmg: 23 Dmg
 45539 | Snake:4  | Reached skill level 13 in Conjurations
 45664 | Snake:4  | Noticed Agnes
 45665 | Snake:4  | Huge Dmg: 22 Dmg
 45668 | Snake:4  | Killed Agnes
 46635 | Snake:3  | Reached skill level 14 in Conjurations
 48082 | Snake:2  | Reached skill level 15 in Conjurations
 48405 | Shoals:1 | Entered Level 1 of the Shoals
 48410 | Lair:3   | Huge Dmg: 14 Dmg
 48524 | Shoals:1 | Huge Dmg: 23 Dmg
 48526 | Lair:3   | Huge Dmg: 17 Dmg
 48946 | Lair:1   | Learned a level 6 spell: Haste
 49038 | Shoals:1 | Reached XP level 16. HP: 75/86 MP: 32/37
 49321 | Shoals:1 | Noticed Louise
 49326 | Shoals:1 | Killed Louise
 49410 | Shoals:1 | Noticed Nessos
 49414 | Shoals:1 | Killed Nessos
 50163 | Shoals:2 | Huge Dmg: 18 Dmg
 50316 | Shoals:2 | Noticed Donald
 50345 | Shoals:2 | Huge Dmg: 25 Dmg
 50542 | Shoals:1 | Upgraded the game from 0.16-a0-4048-g245e628 to 0.16-a0-4056-gee4db93
 50961 | Snake:5  | Entered Level 5 of the Snake Pit
 51150 | Snake:5  | Noticed Aizul
 51153 | Snake:4  | Huge Dmg: 33 Dmg
 51191 | Snake:4  | Huge Dmg: 14 Dmg
 51798 | Snake:5  | Huge Dmg: 19 Dmg
 51802 | Snake:5  | Huge Dmg: 14 Dmg
 52043 | Snake:5  | Noticed Vashnia
 52051 | Snake:5  | Huge Dmg: 23 Dmg
 52053 | Snake:5  | Shot with an arrow by Vashnia

Action                   |  1- 3 |  4- 6 |  7- 9 | 10-12 | 13-15 | 16-18 || total
-------------------------+-------+-------+-------+-------+-------+-------++-------
Melee: Dagger            |    15 |       |       |    92 |       |       ||   107
       Unarmed           |     1 |       |       |       |       |       ||     1
       Staff             |       |       |     4 |     3 |    14 |     9 ||    30
 Cast: Magic Dart        |   103 |   171 |   595 |   295 |   317 |     2 ||  1483
       Blink             |       |     6 |    38 |    59 |    17 |     1 ||   121
       Mephitic Cloud    |       |       |     5 |    11 |     1 |       ||    17
       Throw Frost       |       |       |    89 |  1032 |   804 |    18 ||  1943
       Conjure Flame     |       |       |     2 |    28 |    24 |       ||    54
       Repel Missiles    |       |       |     2 |     1 |     1 |     2 ||     6
       Bolt of Cold      |       |       |       |       |   157 |       ||   157
       Freezing Cloud    |       |       |       |       |    88 |     2 ||    90
       Apportation       |       |       |       |       |     5 |       ||     5
       Bolt of Fire      |       |       |       |       |   203 |    86 ||   289
       Orb of Destructio |       |       |       |       |     2 |       ||     2
Evoke: Wand              |       |       |       |       |     4 |       ||     4
       Rod               |       |       |       |       |     1 |       ||     1
  Use: Scroll            |     3 |     1 |    17 |    11 |    17 |     6 ||    55
       Potion            |       |       |     4 |     5 |    10 |     1 ||    20
  Eat: Chunk             |     4 |     7 |    36 |    43 |   145 |    24 ||   259
       Royal jelly       |       |       |       |       |     2 |       ||     2
       Fruit             |       |       |       |       |    12 |       ||    12
       Pizza             |       |       |       |       |     4 |     1 ||     5
       Meat ration       |       |       |       |       |     2 |     1 ||     3
       Beef jerky        |       |       |       |       |       |     1 ||     1

Vault maps used:
D:1:      dpeg_arrival_rooms_a, minmay_strange_pillars,
          minmay_shallow_snake_nest
D:2:      minmay_misc_feat_enclosed
D:4:      minmay_temple_entry_from_below_a
D:5:      lemuel_castle_with_subvaults, first_bread, uniq_duvessa
D:6:      lightli_sewer_entry_pipes, nicolae_underground_beach
D:7:      uniq_prince_ribbit1, uniq_crazy_yiuf_cottage, uniq_eustachio
D:8:      yredelemnul_forgotten_temple_becter, erik_lair_island,
          hangedman_incinerator
D:9:      grunt_ministairs_6, uniq_maurice, uniq_pikel, uniq_joseph
D:10:     the_bakery, hangedman_decor_points
D:11:     nrook_mini_vaults, min_item_tele_traps, uniq_psyche
D:12:     erik_orc_2, portal_ice_cave_entry_pillars_01, minivault_4
D:13:     minmay_expanding_squares, uniq_erolcha, uniq_nergalle
Temple:   kilobyte_greek_temple_18
Lair:1:   wad_woods_03
Lair:2:   grunt_forest_small_clearings, bh_autumn_forest_stairs,
          grunt_megastairs_2
Lair:3:   minmay_shoals_entry_centaurs, grunt_megastairs_4
Lair:4:   dummy_snake_entry, lemuel_fruit_fields
Lair:5:   serial_bayou_lagoon_b, grunt_megastairs_3
Lair:6:   dpeg_slime_entry_enclosed_altar, serial_bayou_pond_a
Lair:7:   lightli_volcano_entry_magma_tube, minivault_23
Lair:8:   wormcave, uniq_erica
Shoals:1: uniq_nessos, uniq_louise
Shoals:2: serial_shops, shop, uniq_donald
Snake:1:  serial_shops, bzr_entry_water
Snake:2:  special_room
Snake:3:  guppyfry_library_mini
Snake:4:  uniq_agnes
Snake:5:  grunt_snake_rune_serpentine_throne, uniq_aizul, uniq_kirke,
          uniq_vashnia
Orc:3:    basic_altar, nicolae_orc_pool_cavern, uniq_sonja
Orc:4:    st_orc_mages
Elf:1:    minmay_elf_necromancy
Bazaar:   bazaar_lake
Sewer:    sewer_co_cracked_pipes
IceCv:    ice_cave_small_necro
Volcano:  volcano_caves
